 Dungeon Crawl Stone Soup version 0.31-a0-1074-g0b22e4e0f1 (webtiles) character file.

Game seed: 14307364699604927828

10279 Drazool the Thaumaturge (level 11, -2/81 HPs)
             Began as a Djinni Fire Elementalist on Dec 8, 2023.
             Slain by an orc warrior
             ... wielding a +0 war axe
              (18 damage)
             ... in a bailey.
             The game lasted 00:36:30 (9314 turns).

Drazool the Thaumaturge (Djinni Fire Elementalist)  Turns: 9314, Time: 00:36:31

Health: -2/81      AC:  8    Str:  7    XL:     11   Next: 90%
Gold:   573        EV: 15    Int: 20    God:
                   SH:  0    Dex: 15

rFire   + + .        k - +2 dagger (protect)
rCold   x . .        (no shield)
rNeg    . . .        a - +0 robe
rPois   ∞            j - +2 helmet
rElec   .            q - +0 cloak
rCorr   .            B - +1 pair of gloves
SInv    .            (boots unavailable)
Will    ++...        v - amulet of regeneration
Stlth   ++           W - ring of willpower
HPRegen 1.13/turn    (no ring)
MPRegen 0.00/turn

%: infuse magic (-3 HP)
@: flying
A: sickness immunity, fire resistance 2, cold vulnerability 1, float, innate
caster, HP casting, extra vitality 1
a: no special abilities


You were in a bailey.
You visited 2 branches of the dungeon, and saw 11 of its levels.
You also visited: Bailey.

You collected 573 gold pieces.


Innate Abilities, Weirdness & Mutations

You are immune to sickness and miasma.
You are immune to poison.
Your flesh is very heat resistant. (rF++)
You are vulnerable to cold. (rC-)
You float through the air rather than walking.
You learn spells naturally, not from books.
Your magical power is your life essence.
You have superior vitality. (+4 MHP)


   Skills:
 - Level 8.2 Fighting
 - Level 7.5 Dodging
 - Level 1.5 Stealth
 + Level 11.4 Spellcasting
 + Level 11.4 Conjurations
 + Level 11.4 Hexes
 + Level 11.4 Summonings
 + Level 11.4 Necromancy
 + Level 11.4 Translocations
 + Level 11.4 Transmutations
 + Level 11.4 Fire Magic
 + Level 11.4 Ice Magic
 + Level 11.4 Air Magic
 + Level 11.4 Earth Magic
 + Level 11.4 Poison Magic


You knew the following spells:

 Your Spells              Type           Power      Damage    Failure   Level
a - Kiss of Death         Conj/Necr      100%       2d13      1%          1
b - Yara's Violent Unrav  Hex/Tmut       27%        3d12      1%          5
c - Confusing Touch       Hex            54%        N/A       1%          3
f - Foxfire               Conj/Fire      100%       2x1d9     1%          1
l - Lesser Beckoning      Tloc           100%       N/A       1%          2
o - Ozocubu's Armour      Ice            54%        N/A       1%          3
r - Inner Flame           Hex/Fire       54%        N/A       1%          3
X - Scorch                Fire           100%       2d9       1%          2
Y - Volatile Blastmotes   Fire/Tloc      100%       2d18      1%          3
Z - Flame Wave            Conj/Fire      54%        2d13      1%          4
Your spell library was empty.

Inventory:

Hand Weapons
 k - a +2 dagger of protection (weapon)
Missiles
 m - 3 throwing nets {=f}
Armour
 a - a +0 robe (worn)
 j - a +2 helmet (worn)
 q - a +0 cloak (worn)
 t - a scarf of harm
 u - a +1 cloak of stealth
 B - a +1 pair of gloves (worn)
Magical Staves
 s - a staff of air {!a}
Jewellery
 f - a ring of fire
 v - an amulet of regeneration (around neck)
 y - an amulet of the acrobat
 O - an amulet of reflection
 W - a ring of willpower (left hand)
Wands
 H - a wand of iceblast (2)
 K - a wand of charming (6)
 N - a wand of acid (6)
Scrolls
 c - a scroll of silence {!r}
 g - 4 scrolls of vulnerability
 h - a scroll of amnesia {unknown}
 i - 2 scrolls of enchant armour {unknown}
 n - a scroll of fear {unknown}
 o - a scroll of blinking {unknown}
 p - a scroll of noise {unknown}
 r - a scroll of fog
 w - 2 scrolls of revelation
 x - 2 scrolls of immolation {unknown}
 E - 2 scrolls of enchant weapon {unknown}
 I - a scroll of teleportation {unknown}
 J - a scroll of poison {unknown}
 M - a scroll of identify {@r1}
Potions
 b - a potion of might {unknown}
 d - 2 potions of haste {unknown}
 e - 3 potions of enlightenment
 l - a potion of brilliance {unknown}
 z - 2 potions of degeneration {unknown}
 A - 4 potions of resistance {unknown}
 C - a potion of berserk rage {unknown}
 D - a potion of attraction {unknown}
 F - a potion of magic {unknown}
 G - a potion of cancellation {unknown}
 L - a potion of curing {unknown}

Dungeon Overview and Level Annotations

Branches:
Dungeon (10/15)            Temple (1/1) D:7            Lair (0/5) D:10
    Orc (0/2) D:9          Bailey (1/1)

Altars:
Cheibriados
Dithmenos
Elyvilon
Gozag
Hepliaklqana
Makhleb
Nemelex Xobeh
Okawaru
Qazlal
Ru
Trog
Uskayaw
Wu Jian
Xom
Yredelemnul
Zin
The Shining One

Shops:
D:9 (

Annotations:
D:10 Lodul

▒▒.)...▒▒ ▒▒)▒▒▒▒
▒▒.....▒▒
▒.......▒
▒▒.......▒▒
▒.........▒ .
▒▒.........▒▒ .▒
▒.....⌠.....▒ g▒▒
▒▒.....@...▒▒
8.88 ▒.....o...▒
o....
▒▒.....)o▒▒......
▒......)))......
▒▒.....▒▒)......
▒▒▒▒▒▒▒ ....⌠..
....... .......
▒......


You could see an orc warlord (confused, combustible) and an orc warrior
(strong).


Message History

The orc warlord hits you with a +7 broad axe!!!
Ouch! That really hurt!
* * * LOW HITPOINT WARNING * * *
An orc warrior comes into view. It is wielding a +0 war axe.
Casting: Scorch (safe; 1% risk of failure)
Confirm with . or Enter, or press ? or * to list all spells.
Casting: Flame Wave (mildly dangerous; 1% risk of failure)
Press: ? - help, Dir - look around, f - activate A wave of flame ripples out!
The flame wave engulfs the orc warlord!
The orc warlord is burned terribly!
The orc warlord is moderately wounded. (Press . to intensify the flame waves.)
* * * LOW HITPOINT WARNING * * *
The orc warlord roars a battlecry!
The orc warrior goes into a battle-frenzy!
Okay, then.
Okay, then.
Sorry, you're not good enough to have a special ability.
Casting: Flame Wave (mildly dangerous; 1% risk of failure)
Confirm with . or Enter, or press ? or * to list all spells.
Your hands begin to glow red.
* * * LOW HITPOINT WARNING * * *
The orc warlord misses you.
Unknown command.
You hit the orc warlord but do no damage.
The orc warlord appears confused.
The orc warlord is moderately wounded.
The orc warrior attacks as it pursues you!
The orc warrior hits you with a +0 war axe!!
You die...

Skill      XL: |  1  2  3  4  5  6  7  8  9 10 11 |
---------------+----------------------------------+-----
Spellcasting   | 4 5 6 9 11 | 11.4
Conjurations   | 4 5 6 9 11 | 11.4
Hexes          | 4 5 6 9 11 | 11.4
Summonings     | 4 5 6 9 11 | 11.4
Necromancy     | 4 5 6 9 11 | 11.4
Translocations | 4 5 6 9 11 | 11.4
Transmutations | 4 5 6 9 11 | 11.4
Fire Magic     | 4 5 6 9 11 | 11.4
Ice Magic      | 4 5 6 9 11 | 11.4
Air Magic      | 4 5 6 9 11 | 11.4
Earth Magic    | 4 5 6 9 11 | 11.4
Poison Magic   | 4 5 6 9 11 | 11.4
Fighting       | 1 4 5 7 8 |  8.2
Dodging        | 4 5 7 |  7.5
Stealth        | |  1.5

Action                     |  1- 3 |  4- 6 |  7- 9 | 10-12 || total
---------------------------+-------+-------+-------+-------++-------
  Melee: Dagger            |       |       |    17 |    13 ||    30
   Cast: Foxfire           |    48 |    81 |   129 |   219 ||   477
         Scorch            |    14 |    16 |    53 |    75 ||   158
         Volatile Blastmot |       |       |    12 |     6 ||    18
         Confusing Touch   |       |       |     5 |     6 ||    11
         Flame Wave        |       |       |     3 |    29 ||    32
    Use: Scroll            |       |     3 |     2 |       ||     5
         Potion            |       |       |     2 |       ||     2
 Armour: Robe              |     7 |     4 |    28 |    81 ||   120
  Dodge: Dodged            |     8 |     7 |    36 |   104 ||   155

Levels and vault maps discovered:
D:1:      dpeg_arrival_shrine, layout_loops_ring
D:2:      layout_loops_ring, ebering_ecumenical_altar_rust,
          columned_hall_lemuel, uniq_robin
D:3:      layout_loops_corners, moated_statue, chequers_big_river, uniq_grinder
D:4:      layout_basic, nemelex_xobeh_ov_fountains_minmay,
          nicolae_ru_great_annihilating_truth, uniq_blork_the_orc
D:5:      layout_loops_corners, uniq_prince_ribbit1, uniq_sigmund
D:6:      layout_basic
D:7:      layout_gridville, nicolae_overflow_crystal_walls, okawaru_humans,
          tgw_kikubaaqudgha, temple_hall
D:8:      layout_layer_cave, uniq_grum
D:9:      layout_loops_cross, grunt_gozag_breadcrumbs, david_orc_2,
          serial_shops, shop, eino_house_with_fridge
D:10:     layout_basic, fedhas_altar_1, grunt_ashenzari_visionary
          [grunt_ashenzari_visionary_shoals, grunt_ashenzari_visionary_snake],
          lair_entry_dummy, serial_corexii_hall, chequers_hall_statues_corner_a,
          corexii_hall_statues_u, enter_bailey_2, uniq_maurice, uniq_sonja,
          uniq_lodul
Temple:   eino_narrow_crystal_temple
Bailey:   bailey_axe_minmay_hex_keep, bailey

Notes
Turn   | Place    | Note
-------+----------+-------------------------------------------
     0 | D:1      | Reached skill level 3 in Spellcasting
     0 | D:1      | Reached skill level 3 in Conjurations
     0 | D:1      | Reached skill level 3 in Hexes
     0 | D:1      | Reached skill level 3 in Summonings
     0 | D:1      | Reached skill level 3 in Necromancy
     0 | D:1      | Reached skill level 3 in Translocations
     0 | D:1      | Reached skill level 3 in Transmutations
     0 | D:1      | Reached skill level 3 in Fire Magic
     0 | D:1      | Reached skill level 3 in Ice Magic
     0 | D:1      | Reached skill level 3 in Air Magic
     0 | D:1      | Reached skill level 3 in Earth Magic
     0 | D:1      | Reached skill level 3 in Poison Magic
     0 | D:1      | Drazool the Djinni Fire Elementalist began the quest for
                  | the Orb.
     0 | D:1      | Drazool set off with the following spells memorised:
                  | Foxfire, Scorch, Volatile Blastmotes, Inner Flame, Flame
                  | Wave.
     0 | D:1      | Reached XP level 1. HP: 15/15 MP: 0/0
   112 | D:1      | Reached XP level 2. HP: 17/21 MP: 0/0
   571 | D:1      | Reached XP level 3. HP: 15/25 MP: 0/0
   571 | D:1      | Learned a level 1 spell: Kiss of Death
  1134 | D:2      | Reached skill level 4 in Spellcasting
  1134 | D:2      | Reached skill level 4 in Conjurations
  1134 | D:2      | Reached skill level 4 in Hexes
  1134 | D:2      | Reached skill level 4 in Summonings
  1134 | D:2      | Reached skill level 4 in Necromancy
  1134 | D:2      | Reached skill level 4 in Translocations
  1134 | D:2      | Reached skill level 4 in Transmutations
  1134 | D:2      | Reached skill level 4 in Fire Magic
  1134 | D:2      | Reached skill level 4 in Ice Magic
  1134 | D:2      | Reached skill level 4 in Air Magic
  1134 | D:2      | Reached skill level 4 in Earth Magic
  1134 | D:2      | Reached skill level 4 in Poison Magic
  1134 | D:2      | Reached XP level 4. HP: 22/31 MP: 0/0
  1376 | D:2      | Found a faded altar of an unknown god.
  1625 | D:2      | Reached skill level 1 in Fighting
  1627 | D:2      | Noticed Robin
  1634 | D:2      | Killed Robin
  1635 | D:2      | Reached XP level 5. HP: 21/37 MP: 0/0
  1635 | D:2      | Learned a level 2 spell: Lesser Beckoning
  2117 | D:3      | Reached skill level 2 in Fighting
  2409 | D:3      | Noticed Grinder
  2440 | D:3      | Killed Grinder
  2441 | D:3      | Reached skill level 4 in Fighting
  2441 | D:3      | Reached XP level 6. HP: 36/48 MP: 0/0
  2942 | D:4      | Noticed Blork the orc
  2976 | D:4      | Killed Blork the orc
  2977 | D:4      | Reached XP level 7. HP: 36/53 MP: 0/0
  2977 | D:4      | Learned a level 3 spell: Confusing Touch
  2982 | D:4      | Reached skill level 5 in Fighting
  3240 | D:4      | Reached skill level 3 in Dodging
  3319 | D:4      | Found a sparkling altar of Nemelex Xobeh.
  3528 | D:4      | Found a sacrificial altar of Ru.
  3892 | D:5      | Entered Level 5 of the Dungeon
  3969 | D:5      | Reached skill level 4 in Dodging
  3969 | D:5      | Reached XP level 8. HP: 59/61 MP: 0/0
  4154 | D:5      | Reached skill level 6 in Fighting
  4393 | D:5      | Noticed Sigmund
  4401 | D:5      | Killed Sigmund
  4401 | D:5      | Noticed Prince Ribbit
  4402 | D:5      | Reached skill level 5 in Dodging
  4402 | D:5      | Reached skill level 5 in Spellcasting
  4402 | D:5      | Reached skill level 5 in Conjurations
  4402 | D:5      | Reached skill level 5 in Hexes
  4402 | D:5      | Reached skill level 5 in Summonings
  4402 | D:5      | Reached skill level 5 in Necromancy
  4402 | D:5      | Reached skill level 5 in Translocations
  4402 | D:5      | Reached skill level 5 in Transmutations
  4402 | D:5      | Reached skill level 5 in Fire Magic
  4402 | D:5      | Reached skill level 5 in Ice Magic
  4402 | D:5      | Reached skill level 5 in Air Magic
  4402 | D:5      | Reached skill level 5 in Earth Magic
  4402 | D:5      | Reached skill level 5 in Poison Magic
  4407 | D:5      | Killed Prince Ribbit
  4586 | D:5      | Reached skill level 7 in Fighting
  4586 | D:5      | Reached XP level 9. HP: 60/68 MP: 0/0
  4586 | D:5      | Learned a level 3 spell: Ozocubu's Armour
  4727 | D:5      | Reached skill level 6 in Dodging
  4900 | D:5      | Reached skill level 7 in Dodging
  5079 | D:6      | Reached skill level 8 in Fighting
  5532 | D:6      | Reached skill level 6 in Spellcasting
  5532 | D:6      | Reached skill level 6 in Conjurations
  5532 | D:6      | Reached skill level 6 in Hexes
  5532 | D:6      | Reached skill level 6 in Summonings
  5532 | D:6      | Reached skill level 6 in Necromancy
  5532 | D:6      | Reached skill level 6 in Translocations
  5532 | D:6      | Reached skill level 6 in Transmutations
  5532 | D:6      | Reached skill level 6 in Fire Magic
  5532 | D:6      | Reached skill level 6 in Ice Magic
  5532 | D:6      | Reached skill level 6 in Air Magic
  5532 | D:6      | Reached skill level 6 in Earth Magic
  5532 | D:6      | Reached skill level 6 in Poison Magic
  5943 | D:7      | Found a staircase to the Ecumenical Temple.
  5952 | Temple   | Entered the Ecumenical Temple
  5997 | D:7      | Found a snail-covered altar of Cheibriados.
  6210 | D:7      | Reached XP level 10. HP: 76/76 MP: 0/0
  6216 | D:7      | Found an iron altar of Okawaru.
  6409 | D:7      | Reached skill level 7 in Spellcasting
  6409 | D:7      | Reached skill level 7 in Conjurations
  6409 | D:7      | Reached skill level 7 in Hexes
  6409 | D:7      | Reached skill level 7 in Summonings
  6409 | D:7      | Reached skill level 7 in Necromancy
  6409 | D:7      | Reached skill level 7 in Translocations
  6409 | D:7      | Reached skill level 7 in Transmutations
  6409 | D:7      | Reached skill level 7 in Fire Magic
  6409 | D:7      | Reached skill level 7 in Ice Magic
  6409 | D:7      | Reached skill level 7 in Air Magic
  6409 | D:7      | Reached skill level 7 in Earth Magic
  6409 | D:7      | Reached skill level 7 in Poison Magic
  6841 | D:8      | Noticed Grum
  6848 | D:8      | Reached skill level 8 in Spellcasting
  6848 | D:8      | Reached skill level 8 in Conjurations
  6848 | D:8      | Reached skill level 8 in Hexes
  6848 | D:8      | Reached skill level 8 in Summonings
  6848 | D:8      | Reached skill level 8 in Necromancy
  6848 | D:8      | Reached skill level 8 in Translocations
  6848 | D:8      | Reached skill level 8 in Transmutations
  6848 | D:8      | Reached skill level 8 in Fire Magic
  6848 | D:8      | Reached skill level 8 in Ice Magic
  6848 | D:8      | Reached skill level 8 in Air Magic
  6848 | D:8      | Reached skill level 8 in Earth Magic
  6848 | D:8      | Reached skill level 8 in Poison Magic
  6851 | D:8      | Killed Grum
  7027 | D:8      | Noticed a two-headed ogre
  7035 | D:8      | Killed a two-headed ogre
  7776 | D:9      | Reached skill level 9 in Spellcasting
  7776 | D:9      | Reached skill level 9 in Conjurations
  7776 | D:9      | Reached skill level 9 in Hexes
  7776 | D:9      | Reached skill level 9 in Summonings
  7776 | D:9      | Reached skill level 9 in Necromancy
  7776 | D:9      | Reached skill level 9 in Translocations
  7776 | D:9      | Reached skill level 9 in Transmutations
  7776 | D:9      | Reached skill level 9 in Fire Magic
  7776 | D:9      | Reached skill level 9 in Ice Magic
  7776 | D:9      | Reached skill level 9 in Air Magic
  7776 | D:9      | Reached skill level 9 in Earth Magic
  7776 | D:9      | Reached skill level 9 in Poison Magic
  7777 | D:9      | Reached XP level 11. HP: 41/81 MP: 0/0
  7777 | D:9      | Learned a level 5 spell: Yara's Violent Unravelling
  7899 | D:9      | Identified the +5 trident of Certain Death {heavy, Int+3}
  8030 | D:9      | Found an opulent altar of Gozag.
  8096 | D:9      | Found a staircase to the Orcish Mines.
  8150 | D:9      | Reached skill level 10 in Spellcasting
  8150 | D:9      | Reached skill level 10 in Conjurations
  8150 | D:9      | Reached skill level 10 in Hexes
  8150 | D:9      | Reached skill level 10 in Summonings
  8150 | D:9      | Reached skill level 10 in Necromancy
  8150 | D:9      | Reached skill level 10 in Translocations
  8150 | D:9      | Reached skill level 10 in Transmutations
  8150 | D:9      | Reached skill level 10 in Fire Magic
  8150 | D:9      | Reached skill level 10 in Ice Magic
  8150 | D:9      | Reached skill level 10 in Air Magic
  8150 | D:9      | Reached skill level 10 in Earth Magic
  8150 | D:9      | Reached skill level 10 in Poison Magic
  8236 | D:9      | Found Maedeguo's Weapon Shop.
  8410 | D:9      | Noticed a necromancer
  8415 | D:9      | Killed a necromancer
  8588 | D:10     | Entered Level 10 of the Dungeon
  8909 | D:10     | Found a staircase to the Lair.
  8940 | D:10     | Noticed Lodul
  8970 | D:10     | HP: 1/81 [Lodul/bolt of lightning (27)]
  9073 | D:10     | Noticed Maurice
  9077 | D:10     | Something stole a staff of air {!a}
  9079 | D:10     | Something stole an amulet of reflection
  9088 | D:10     | Killed Maurice
  9089 | D:10     | Reached skill level 11 in Spellcasting
  9089 | D:10     | Reached skill level 11 in Conjurations
  9089 | D:10     | Reached skill level 11 in Hexes
  9089 | D:10     | Reached skill level 11 in Summonings
  9089 | D:10     | Reached skill level 11 in Necromancy
  9089 | D:10     | Reached skill level 11 in Translocations
  9089 | D:10     | Reached skill level 11 in Transmutations
  9089 | D:10     | Reached skill level 11 in Fire Magic
  9089 | D:10     | Reached skill level 11 in Ice Magic
  9089 | D:10     | Reached skill level 11 in Air Magic
  9089 | D:10     | Reached skill level 11 in Earth Magic
  9089 | D:10     | Reached skill level 11 in Poison Magic
  9104 | D:10     | Found a flagged portal.
  9113 | Bailey   | Entered a bailey
  9306 | Bailey   | Noticed an orc warlord
  9314 | Bailey   | Slain by an orc warrior

Vanquished Creatures
  A two-headed ogre (D:8)
  A necromancer (D:9)
  Maurice (D:10)
  A hornet (D:9)
  Grinder (D:3)
  A troll (D:10)
  A polar bear (D:9)
  Prince Ribbit (D:5)
  Sigmund (D:5)
  A wraith (D:9)
  Grum (D:8)
  2 humans (D:7)
  12 yaks
  3 steam dragons
  3 water moccasins (D:8)
  11 orc warriors
  A black bear (D:5)
  2 wolves (D:8)
  5 ogres
  5 centaurs
  A phantom (D:4)
  A kobold brigand (D:10)
  Blork the orc (D:4)
  3 bullfrogs
  A gnoll sergeant (D:9)
  4 scorpions
  3 wights (D:8)
  14 killer bees
  A howler monkey (D:9)
  6 hounds
  2 gnoll boudas
  2 orc priests
  A sleepcap (D:5)
  11 orc wizards
  2 yak simulacra (D:9)
  4 polar bear simulacra (D:9)
  2 wolf simulacra (D:9)
  Robin (D:2)
  21 gnolls
  4 adders
  2 river rats (D:9)
  4 shadow imps
  3 white imps
  2 ufetubi (D:5)
  31 orcs
  3 endoplasms
  5 giant cockroaches
  25 goblins
  19 hobgoblins
  13 kobolds
  3 quokkas
  13 ball pythons
  3 bats
  A frilled lizard (D:4)
  8 rats
  3 river rat simulacra (D:9)
278 creatures vanquished.

Vanquished Creatures (others)
  A human (D:7)
  756 foxfires
757 creatures vanquished.

Grand Total: 1035 creatures vanquished

Table legend: (Time is in decaauts)
 A = Elapsed time spent in this place.
 B = Non-inter-level travel time spent in this place.
 C = Inter-level travel time spent in this place.
 D = Time resting spent in this place.
 E = Time spent auto-exploring this place.
 F = Levels seen in this place.
 G = Mean time per level.
                   A        B        C        D        E       F      G
               +--------+--------+--------+--------+--------+-----+--------+
         Total |   9315 |   9058 |    257 |    411 |   6950 |  12 |  776.2 |
       Dungeon |   9112 |   8856 |    256 |    389 |   6902 |  10 |  911.2 |
        Temple |      1 |      0 |      1 |      0 |      0 |   1 |    1.0 |
        Bailey |    200 |    200 |      0 |     22 |     48 |   1 |  200.0 |
               +--------+--------+--------+--------+--------+-----+--------+

Top non-repeatable levels by time:
     D:8: 1234 daAuts
     D:5: 1171 daAuts
     D:1: 1012 daAuts
     D:2: 1000 daAuts
     D:4: 994 daAuts
     D:3: 885 daAuts
     D:9: 871 daAuts
     D:7: 765 daAuts
     D:6: 689 daAuts
    D:10: 487 daAuts
  Bailey: 200 daAuts
  Temple: 1 daAuts

Table legend:
 A = Non-vault XP
 B = Vault XP
 C = Vault XP percentage of total XP
 D = Non-vault monster count
 E = Vault monster count
 F = Vault count percentage of total count
                 A         B        C        D         E       F
            +---------+---------+-------+---------+---------+-------
      Total |    9394 |    5291 |  36.0 |     192 |      86 |  30.9
            +---------+---------+-------+---------+---------+-------
        D:1 |      62 |       0 |   0.0 |      23 |       0 |   0.0
        D:2 |      56 |      38 |  40.4 |      20 |      13 |  39.4
        D:3 |      37 |     290 |  88.7 |      13 |       1 |   7.1
        D:4 |     300 |     134 |  30.9 |      15 |       5 |  25.0
        D:5 |    1810 |     487 |  21.2 |      28 |       2 |   6.7
        D:6 |     449 |       0 |   0.0 |      13 |       0 |   0.0
        D:7 |     429 |     403 |  48.4 |       7 |       2 |  22.2
        D:8 |    2288 |     436 |  16.0 |      25 |       3 |  10.7
        D:9 |    3104 |    1302 |  29.6 |      29 |      22 |  43.1
       D:10 |     859 |     738 |  46.2 |      19 |       3 |  13.6
     Bailey |       0 |    1463 | 100.0 |       0 |      35 | 100.0
            +---------+---------+-------+---------+---------+-------
